 Dungeon Crawl Stone Soup version 0.31.0-11-ge490571c62 (webtiles) character file.

Game seed: 9045629112193848397

888 qw the Shooter (level 7, -7/36 HPs)
             Began as a Spriggan Hunter on Feb 3, 2024.
             Mangled by an orc warrior
             ... wielding a +0 scimitar
              (18 damage)
             ... on level 6 of the Dungeon.
             The game lasted 00:00:21 (4837 turns).

qw the Shooter (Spriggan Hunter)                    Turns: 4837, Time: 00:00:22

Health: -7/36      AC:  3    Str:  7    XL:     7   Next: 77%
Magic:  8/8        EV: 22    Int: 10    God:
Gold:   415        SH:  0    Dex: 21    Spells: 6/6 levels left

rFire   . . .        o - +0 orcbow
rCold   . . .        (shield currently unavailable)
rNeg    . . .        c - +0 robe
rPois   .            (helmet restricted)
rElec   .            h - +0 cloak
rCorr   .            (gloves unavailable)
SInv    +            (boots unavailable)
Will    +....        (no amulet)
Stlth   ++           (no ring)
HPRegen 0.26/turn    (no ring)
MPRegen 0.11/turn

%: no passive effects
@: very quick
A: very small, no large weapons, unfitting armour, see invisible, speed 3
a: no special abilities


You were on level 6 of the Dungeon.
You visited 1 branch of the dungeon, and saw 6 of its levels.

You collected 415 gold pieces.


Innate Abilities, Weirdness & Mutations

You are very small and have problems with some larger weapons.
You are too small for most types of armour.
You have supernaturally acute eyesight. (SInv)
You cover ground extremely quickly. (Speed+++)


   Skills:
 - Level 3.2 Fighting
 + Level 7.5 Ranged Weapons
 - Level 7.1 Dodging
 - Level 1.5 Stealth


You had 6 spell levels left.
You didn't know any spells.
Your spell library was empty.

Inventory:

Hand Weapons
 o - a +0 orcbow (weapon)
Armour
 c - a +0 robe (worn)
 h - a +0 cloak (worn)
Jewellery
 j - a ring of ice
Wands
 b - a wand of mindburst (12)
 i - a wand of paralysis (10)
 m - a wand of iceblast (20)
Scrolls
 a - a scroll of identify
Potions
 d - a potion of enlightenment
 e - 2 potions of heal wounds {unknown}
 f - a potion of haste {unknown}
 g - a potion of curing {unknown}
 k - a potion of might

Dungeon Overview and Level Annotations

Branches:
Dungeon (6/15)
 Temple: D:4-7

Altars:
Fedhas
Gozag
Kikubaaqudgha
Makhleb
Vehumet

Shops:
D:4 :


Message History

An orc priest comes into view. It is wielding a +0 mace.
The orc wizard points at you and mumbles some strange words.
The magic dart hits you.
You shoot an arrow. The arrow barely misses the orc wizard.
The arrow closely misses the orc priest.
Enter note:
Enter note:
Enter note:
Enter note:
4830 ||| RETREEEEATING.
You shoot an arrow.
The arrow barely misses the orc warrior.
You shoot an arrow.
The arrow closely misses the orc warrior.
The orc warrior hits you with a +0 scimitar!!
Ouch! That really hurt!
An orc priest comes into view. It is wielding a +0 whip.
You shoot an arrow.
The arrow closely misses the orc warrior.
The arrow hits the orc priest.
The orc priest is moderately wounded.
The orc warrior completely misses you.
You shoot an arrow.
The arrow hits the orc warrior but does no damage.
The orc warrior misses you.
You shoot an arrow.
The arrow completely misses the orc warrior.
The arrow barely misses the orc priest.
The orc warrior completely misses you.
The orc priest calls upon Beogh to heal the orc priest.
The orc priest's wounds heal themselves!
You shoot an arrow. The arrow hits the orc warrior.
The orc warrior is lightly wounded.
The orc warrior hits you with a +0 scimitar.
You shoot an arrow.
The arrow closely misses the orc warrior.
The arrow closely misses the orc priest.
The orc warrior hits you with a +0 scimitar!!
Ouch! That really hurt!
You die...

##### #.# #.# ).
#.# #.# #.# ##
#.## #.#
#.#.###..# ##.##
#...oo...# ##...##
#o##.# #.....###
#@##.####|......>#
#............###.#
####.####.#.......
........#
#.#.####.
.#.###### #....
##.>.# .... .....
.....


You could see an orc warrior and 2 orc priests.

Vanquished Creatures
  A water moccasin (D:3)
  An ice beast (D:5)
  A centaur (D:5)
  A scorpion (D:6)
  A bombardier beetle (D:5)
  A jelly (D:6)
  5 hounds
  An orc priest (D:5)
  An iguana (D:4)
  2 sleepcaps (D:5)
  Robin (D:2)
  7 gnolls
  2 adders
  A white imp (D:5)
  2 ufetubi (D:6)
  2 dart slugs (D:1)
  4 ribbon worms
  7 orcs
  5 ball pythons
  6 bats
  9 endoplasms
  6 giant cockroaches
  13 goblins
  9 hobgoblins
  9 quokkas
  A frilled lizard (D:1)
  2 kobolds (D:1)
  5 rats
106 creatures vanquished.

Vanquished Creatures (others)
  A dart slug (D:4)
1 creature vanquished.

Grand Total: 107 creatures vanquished

Notes
Turn   | Place    | Note
-------+----------+-------------------------------------------
     0 | D:1      | qw the Spriggan Hunter began the quest for the Orb.
     0 | D:1      | Reached XP level 1. HP: 10/10 MP: 2/2
     0 | D:1      | 0 ||| qw: Version: 0.3-a-155-g5e7d8dd
     0 | D:1      | 0 ||| qw: Game counter: 3280
     0 | D:1      | 0 ||| qw: Melee chars always use a shield: true
     0 | D:1      | 0 ||| qw: God list: Okawaru
     0 | D:1      | 0 ||| qw: Allow faded altars: false
     0 | D:1      | 0 ||| qw: Do Orc after clearing Dungeon:15 true
     0 | D:1      | 0 ||| qw: Do second Lair branch before Depths: true
     0 | D:1      | 0 ||| qw: Lair rune preference: random
     0 | D:1      | 0 ||| qw: Goals: Normal
     0 | D:1      | 0 ||| PLANNING D:1-11
    57 | D:1      | Reached skill level 3 in Dodging
   121 | D:1      | Reached XP level 2. HP: 14/14 MP: 3/3
   372 | D:1      | Reached XP level 3. HP: 18/18 MP: 4/4
   645 | D:1      | 645 ||| UPGRADING to +0 cloak.
   650 | D:1      | 650 ||| READING scroll labelled PEMIWNECEK.
   651 | D:1      | 651 ||| READING scroll labelled JOCU MAFECHEELAZ.
   652 | D:1      | 652 ||| DRINKING 2 smoky coppery potions.
   653 | D:1      | 653 ||| DROPPING scroll of butterflies.
   654 | D:1      | 654 ||| DROPPING potion of magic.
   764 | D:2      | Noticed Robin
   776 | D:2      | Killed Robin
  1002 | D:2      | Reached XP level 4. HP: 22/22 MP: 5/5
  1589 | D:2      | 1589 ||| READING scroll labelled COETAK FIDOWETEPAU.
  1705 | D:2      | 1705 ||| READING scroll labelled HAOT ITTOETY.
  1730 | D:2      | 1730 ||| DRINKING 2 viscous golden potions.
  1731 | D:2      | 1731 ||| DROPPING potion of degeneration.
  2099 | D:3      | Found a faded altar of an unknown god.
  2119 | D:3      | Noticed a water moccasin
  2120 | D:3      | 2120 ||| ZAPPING wand of mindburst (15) at -1,-2 (water
                  | moccasin; floor).
  2121 | D:3      | 2121 ||| ZAPPING wand of mindburst (14) at -1,-1 (water
                  | moccasin; floor).
  2122 | D:3      | 2122 ||| ZAPPING wand of mindburst (13) at -1,-1 (water
                  | moccasin; floor).
  2122 | D:3      | Killed a water moccasin
  2123 | D:3      | Reached skill level 3 in Fighting
  2123 | D:3      | Reached XP level 5. HP: 28/28 MP: 6/6
  2647 | D:3      | 2647 ||| READING scroll labelled JYUD QICECALLO.
  2647 | D:3      | 2647 ||| IDENTIFYING fuming silvery potion
  2648 | D:3      | 2648 ||| DROPPING potion of attraction.
  2715 | D:4      | Identified the +1 chain mail "Afalon" {rCorr Int+3}
  2720 | D:4      | Found Tiwkigao's Book Emporium.
  2733 | D:4      | Found a blossoming altar of Fedhas.
  2852 | D:4      | Reached XP level 6. HP: 32/32 MP: 7/7
  2929 | D:4      | Found a burning altar of Makhleb.
  2941 | D:4      | Found a radiant altar of Vehumet.
  3002 | D:4      | Found an ancient bone altar of Kikubaaqudgha.
  3415 | D:4      | 3415 ||| READING scroll labelled CODUST ASACAG.
  3415 | D:4      | 3415 ||| ENCHANTING +0 shortbow.
  3437 | D:5      | Entered Level 5 of the Dungeon
  3447 | D:5      | 3447 ||| FLEEEEING.
  3448 | D:5      | 3448 ||| FLEEEEING.
  3449 | D:5      | 3449 ||| FLEEEEING.
  3450 | D:5      | 3450 ||| FLEEEEING.
  3451 | D:5      | 3451 ||| STAIRDANCE
  3561 | D:5      | 3561 ||| FLEEEEING.
  3563 | D:5      | 3563 ||| STAIRDANCE
  3610 | D:5      | Reached skill level 6 in Ranged Weapons
  3620 | D:5      | 3620 ||| STAIRDANCE
  3696 | D:5      | 3696 ||| STAIRDANCE
  3733 | D:5      | 3733 ||| STAIRDANCE
  3834 | D:5      | Reached skill level 6 in Dodging
  3838 | D:5      | Found an opulent altar of Gozag.
  3892 | D:5      | Reached XP level 7. HP: 31/36 MP: 8/8
  4120 | D:5      | 4120 ||| SWAPPING to +0 orcbow.
  4121 | D:5      | 4121 ||| DROPPING +1 shortbow.
  4438 | D:5      | 4438 ||| READING scroll of identify.
  4438 | D:5      | 4438 ||| IDENTIFYING pink potion
  4439 | D:5      | 4439 ||| READING scroll labelled BOXTOSM PESA.
  4440 | D:5      | 4440 ||| DRINKING 2 dark potions.
  4830 | D:6      | 4830 ||| RETREEEEATING.
  4837 | D:6      | Mangled by an orc warrior

Levels and vault maps discovered:
D:1:      dpeg_arrival_arbitrary_a, layout_basic
D:2:      layout_basic, kennysheep_generic_room_4, uniq_robin
D:3:      layout_basic, ebering_ecumenical_altar_ruins
D:4:      layout_cave_pods, old_standard_altar, fiery_altar_vehumet,
          lemuel_crystal_altar, nicolae_kikubaaqudgha_miasma_corner,
          serial_shops, shop
D:5:      layout_cave_pools, nicolae_gozag_seed_capital
D:6:      layout_loops_corners, tso_altar, supply_closet_lemuel,
          kennysheep_generic_room_5

Skill      XL: |  1  2  3  4  5  6  7 |
---------------+----------------------+-----
Dodging        | 3 4 5 6 7 |  7.1
Ranged Weapons | 5 6 7 |  7.5
Fighting       | 3 |  3.2
Stealth        | |  1.5

Action                     |  1- 3 |  4- 6 |  7- 9 || total
---------------------------+-------+-------+-------++-------
   Fire: Shortbow          |   113 |   186 |    26 ||   325
         Orcbow            |       |       |    57 ||    57
  Evoke: Wand              |       |     3 |       ||     3
    Use: Scroll            |     2 |     4 |     2 ||     8
         Potion            |     1 |     1 |     1 ||     3
 Armour: Robe              |    11 |    29 |    24 ||    64
  Dodge: Dodged            |    32 |    79 |    48 ||   159

Table legend:
 A = Non-vault XP
 B = Vault XP
 C = Vault XP percentage of total XP
 D = Non-vault monster count
 E = Vault monster count
 F = Vault count percentage of total count
                 A         B        C        D         E       F
            +---------+---------+-------+---------+---------+-------
      Total |    1236 |      33 |   2.6 |      97 |      10 |   9.3
            +---------+---------+-------+---------+---------+-------
        D:1 |      52 |       0 |   0.0 |      27 |       0 |   0.0
        D:2 |      49 |      33 |  40.2 |      21 |      10 |  32.3
        D:3 |     168 |       0 |   0.0 |       8 |       0 |   0.0
        D:4 |     150 |       0 |   0.0 |      16 |       0 |   0.0
        D:5 |     630 |       0 |   0.0 |      19 |       0 |   0.0
        D:6 |     187 |       0 |   0.0 |       6 |       0 |   0.0
            +---------+---------+-------+---------+---------+-------
